Map: [ESL] Inside and Out

Players

Krystianer - Winner!

  • Race: Protoss Protoss
  • Spawn Location: 7:00

MaNa

  • Race: Protoss Protoss
  • Spawn Location: 1:00

Event: DreamHack SC2 Masters 2022 Atlanta (Online)

VOD

Have the link to the VOD?

Description

Time

  • Played on: Oct. 6, 2022, 11:16 a.m.
  • Length: 8:43

All games in this series

Show
View Real Time Build Order
Export as new Build Order

Krystianer Protoss - Winner!

Build Orders:  

Get SALT Encoding   

  12  0:00  Probe  
  13  0:12  Probe  
  14  0:16  Pylon  
  14  0:24  Probe (Chrono Boost)  
  16  0:36  Probe (Chrono Boost)  
  16  0:37  Gateway  
  16  0:43  Probe (Chrono Boost)  
  16  0:46  Assimilator  
  17  0:50  Probe  
  17  0:54  Assimilator  
  18  1:02  Probe (Chrono Boost)  
  19  1:11  Gateway  
  20  1:12  Probe (Chrono Boost)  
  20  1:17  Probe (Chrono Boost)  
  20  1:23  Cybernetics Core  
  21  1:29  Probe  
  22  1:33  Pylon  
  22  1:41  Probe  
  24  1:59  Robotics Facility  
  24  2:00  Adept x2  
  27  2:04  Warp Gate (Chrono Boost)  
  27  2:09  Pylon  
  27  2:30  Stalker x2  
  31  2:39  Pylon  
  31  2:45  Gateway  
  31  2:54  Pylon  
  31  3:00  Stalker  
  33  3:12  Stalker  
  35  3:27  Warp Prism (Chrono Boost)  
  35  3:32  Pylon  
  29  3:50  Stalker  
  30  3:55  Probe  
  31  4:07  Probe  
  32  4:20  Probe (Chrono Boost)  
  32  4:32  Probe (Chrono Boost)  
  32  4:38  Probe (Chrono Boost)  
  32  4:40  Adept x3  
  38  4:46  Probe  
  39  5:00  Stalker x2  
  39  5:04  Probe  
  40  5:16  Probe  
  40  5:20  Shield Battery  
  39  5:30  Stalker x2  
  39  5:34  Stalker  
  45  5:44  Pylon  
  45  5:49  Warp Prism (Chrono Boost)  
  43  5:56  Probe  
  46  6:12  Stalker x2  
  50  6:20  Stalker  
  52  6:29  Pylon  
  52  6:41  Adept  
  54  6:47  Adept x2  
  54  6:53  Probe  
  59  7:14  Probe  
  58  7:23  Stalker x3  
  58  7:26  Probe  
  54  7:46  Stalker x2  
  54  7:48  Stalker  
  57  8:13  Stalker x3  
  55  8:37  Stalker x2  
  55  8:38  Stalker  
Show
View Real Time Build Order
Export as new Build Order

MaNa Protoss 

Build Orders: Oracle Opening 

Get SALT Encoding   

  12  0:00  Probe  
  13  0:12  Probe  
  14  0:17  Pylon  
  14  0:24  Probe  
  15  0:35  Gateway  
  15  0:38  Probe (Chrono Boost)  
  16  0:43  Assimilator  
  16  0:47  Probe (Chrono Boost)  
  17  0:52  Probe (Chrono Boost)  
  18  1:04  Probe (Chrono Boost)  
  19  1:13  Probe (Chrono Boost)  
  19  1:16  Pylon  
  19  1:18  Assimilator  
  20  1:19  Probe  
  21  1:26  Cybernetics Core  
  21  1:28  Zealot  
  23  1:34  Probe  
  24  1:46  Probe  
  25  1:58  Probe  
  26  2:02  Stargate  
  26  2:10  Probe, Stalker  
  29  2:20  Warp Gate  
  29  2:22  Pylon  
  29  2:38  Nexus  
  29  2:45  Oracle (Chrono Boost)  
  31  2:55  Pylon  
  31  3:02  Shield Battery  
  31  3:10  Stalker  
  35  3:28  Void Ray (Chrono Boost)  
  35  3:35  Gateway  
  35  3:38  Probe  
  36  3:52  Shield Battery  
  40  4:04  Void Ray (Chrono Boost)  
  40  4:13  Shield Battery  
  39  4:17  Adept  
  39  4:31  Stalker  
  39  4:33  Probe  
  37  5:01  Probe x2  
  38  5:13  Probe  
  39  5:23  Probe (Chrono Boost)  
  39  5:32  Probe (Chrono Boost)  
  44  5:37  Void Ray (Chrono Boost)  
  44  5:40  Probe (Chrono Boost)  
  38  5:52  Stalker  
  40  6:02  Stalker  
  38  6:04  Probe x2  
  40  6:16  Stalker  
  40  6:17  Probe x2  
  44  6:25  Zealot  
  50  6:42  Void Ray (Chrono Boost)  
  50  6:46  Probe x2  
  52  6:51  Stalker  
  54  7:02  Stalker  
  52  7:24  Stalker  
  52  7:29  Zealot  
  48  7:40  Probe x2  
  54  7:45  Gateway  
  54  7:47  Shield Battery  
  54  7:49  Shield Battery  
  54  7:52  Stalker  
  54  7:54  Probe  
  47  8:18  Stalker  
  43  8:21  Probe x2  
  43  8:24  Gateway  
  43  8:26  Gateway  
  37  8:28  Gateway  
Tags
 
Add a new tag
Caveats
  • Supply blocks, unpowered buildings, or Contaminate may cause inaccurate times.
  • Supply counts are checked every 10 seconds.